 Dungeon Crawl Stone Soup version 0.26.1-11-gd32895ea62 (webtiles) character file.

Game seed: 14066402746906682197

56961 tobikenobi the Severer (level 14, -13/135 HPs)
             Began as a Minotaur Berserker on May 25, 2021.
             Was a High Priest of Trog.
             Mangled by an orc warrior
             ... wielding a +0 trident
             ... summoned by an orange crystal statue
              (22 damage)
             ... on level 2 of the Orcish Mines.
             The game lasted 00:59:05 (25336 turns).

tobikenobi the Severer (Minotaur Berserker)        Turns: 25336, Time: 00:59:07

Health: -13/135    AC: 21    Str: 29    XL:     14   Next: 44%
Magic:  0/13       EV: 10    Int: -2 (12) God:    Trog [*****.]
Gold:   1734       SH:  5    Dex: 20    Spells: 13/13 levels left

rFire    . . .     SeeInvis +   I - +8 frozen axe "Frostbite" {freezing cloud, *Noise +Fly rC+}
rCold    + + .     Faith    .   (shield currently unavailable)
rNeg     . . .     Spirit   .   T - +4 chain mail {Will+}
rPois    .         Reflect  +   (helmet restricted)
rElec    .         Harm     .   Y - +0 cloak "Qanapoq" {Dex+3}
rCorr    +         Rampage  .   U - -1 pair of gloves of the Arcane {Dex+3}
Will     ++++.                  o - +0 pair of boots
Stlth    ..........             J - amulet of reflection
HPRegen  1.32/turn              x - ring of the Moon {rC+ rCorr}
MPRegen  0.13/turn              a - ring of the Gloaming {*Contam Str+4 Int+8 Dex+2 SInv}

@: regenerating, slowed, lost intelligence, studying Short Blades, very slow
A: retaliatory headbutt, horns 2
a: Renounce Religion, Evoke Flight, Berserk, Trog's Hand, Brothers in Arms


You were on level 2 of the Orcish Mines.
You worshipped Trog.
Trog was extremely pleased with you.
You visited 4 branches of the dungeon, and saw 20 of its levels.
You also visited: Gauntlet.

You collected 1734 gold pieces.

Inventory:

Hand Weapons
 I - the +8 frozen axe "Frostbite" (weapon) {freezing cloud, *Noise +Fly rC+}
   (You acquired it on level 1 of the Lair of Beasts)

   It has been specially enchanted to freeze those struck by it, causing extra
   injury to most foes and up to half again as much damage against particularly
   susceptible opponents.
   It can also slow down cold-blooded creatures.
   It protects you from cold.
   It lets you fly.
   It may make noises in combat.
 Z - the +4 falchion "Sarcophage" {flame, Will++}
   (You found it on level 5 of the Lair of Beasts)

   It has been specially enchanted to burn those struck by it, causing extra
   injury to most foes and up to half again as much damage against particularly
   susceptible opponents.
   Big, fiery blades are also staple armaments of hydra-hunters.
   It affects your willpower, your defense against some magical effects.
Armour
 o - a +0 pair of boots (worn)
 T - a +4 chain mail of willpower (worn)
 U - the -1 pair of gloves of the Arcane (worn) {Dex+3}
   (You found it in a Gauntlet)

   It affects your dexterity (+3).
 Y - the +0 cloak "Qanapoq" (worn) {Dex+3}
   (You found it on level 5 of the Lair of Beasts)

   It affects your dexterity (+3).
Jewellery
 a - the ring of the Gloaming (right hand) {*Contam Str+4 Int+8 Dex+2 SInv}
   (You acquired it on level 6 of the Lair of Beasts)

   [ring of see invisible]

   It affects your strength (+4).
   It affects your intelligence (+8).
   It affects your dexterity (+2).
   It lets you see invisible.
   It causes magical contamination when unequipped.
 r - an uncursed amulet of the acrobat
 x - the ring of the Moon (left hand) {rC+ rCorr}
   (You found it in a Gauntlet)

   [ring of resist corrosion]

   It protects you from cold.
   It provides partial protection from all sources of acid and corrosion.
 J - an amulet of reflection (around neck)
 Q - a +6 ring of dexterity
 W - an uncursed ring of poison resistance
Wands
 p - a wand of flame (18)
 t - a wand of acid (10)
 v - a wand of polymorph (10)
Scrolls
 c - 6 scrolls of identify
 f - 12 scrolls of remove curse
 g - 15 scrolls of teleportation
 i - 8 scrolls of amnesia
 j - 4 scrolls of magic mapping
 l - a scroll of silence
 s - 5 scrolls of enchant weapon
 y - 2 scrolls of blinking
 z - a scroll of enchant armour
 V - a scroll of fear
Potions
 b - a potion of lignification
 d - 3 potions of might
 e - 6 potions of flight
 h - 2 potions of magic {unknown}
 k - a potion of ambrosia {unknown}
 m - a potion of resistance {unknown}
 n - 9 potions of curing {unknown}
 q - 3 potions of attraction {unknown}
 u - a potion of invisibility {unknown}
 A - 3 potions of mutation {unknown}
 C - a potion of berserk rage {unknown}
 F - 2 potions of heal wounds {unknown}
 P - 4 potions of brilliance
Books
 w - a manual of Short Blades


   Skills:
 + Level 15.1 Fighting
 * Level 20.0 Axes
 + Level 14.9 Armour
 - Level 2.1 Dodging


You had 13 spell levels left.
You didn't know any spells.
Your spell library was empty.

Dungeon Overview and Level Annotations

Branches:
Dungeon (11/15)            Temple (0/1) D:4            Lair (6/6) D:11
 Shoals (0/4) Lair:3        Snake (0/4) Lair:2        Slime (1/5) Lair:5
    Orc (2/2) D:9         Gauntlet (visited)
    Elf: Orc:2

Altars:
Ashenzari
Cheibriados
Elyvilon
Fedhas
Gozag
Makhleb
Nemelex Xobeh
Qazlal
Ru
Sif Muna
Trog
Uskayaw
Wu Jian
Xom
Yredelemnul
The Shining One
Beogh
Jiyva

Shops:
D:8 (*   D:10 !

Annotations:
D:7 exclusion: ice statue
Orc:2 1 runed translucent door, exclusion: 4 orange crystal statues


Innate Abilities, Weirdness & Mutations

You reflexively headbutt those who attack you in melee.
You have a pair of horns on your head.


Message History

The orange crystal statue fixes its piercing gaze on you.
You feel your power leaking away.
The orange crystal statue fixes its piercing gaze on you.
Something tries to feed on your intellect!
The orc warrior hits you but does no damage.
The orc knight roars a battlecry!
The orcs go into a battle-frenzy!
You barely miss the orc. You slash the orc wizard! You freeze the orc wizard.
You kill the orc wizard!
The orc wizard's corpse dissolves into shadows!
You slash the orc warrior! You freeze the orc warrior.
You slice the orc knight!! You freeze the orc knight!
The orc warrior closely misses you.
The orc wizard looks braver for a moment.
The orange crystal statue glitters.
You resist with almost no effort. The orc hits you but does no damage.
The orc knight is engulfed in freezing vapours.
The orc knight hits you but does no damage.
The orc warrior hits you from afar with a +0 trident!!
You die...

...... #.### #.........#
.. # ###.......#..#.#. ##
#.....$.........###.
.........# #.)##).
....... ##..)... .... ..
#...)...
####+####.####......
#8o@ooO8#...##....#.
#.#ooo#o#....##..##. ##
#.oooooo#....#......
...#oOoOOoh#...........
###..#.oo.oOo#...........
... #.#.o.#.#...........
#..#8.oo..8#.....#....#
#..####'####....###..##
#................#####


You could see 4 orange crystal statues, an orc knight (summoned), a warg
(summoned), 5 orc warriors, 5 ogres, an orc priest (summoned, strong), 4 orc
wizards and 12 orcs.

Vanquished Creatures
  The ghost of barkas the Spear-Bearer, a journeyman CeMo of Okawaru (Orc:1)
  An orc warlord (Orc:1)
  An entropy weaver (Gauntlet)
  The ghost of mahan the Protected, a journeyman MiBe of Trog (Lair:4)
  2 two-headed ogres
  9 death yaks
  Sonja (Orc:2)
  Urug (Lair:5)
  The ghost of H0rd4k the Martial Artist, a novice OpTm of Gozag (D:7)
  An orc knight (Orc:1)
  A manticore (D:11)
  2 orc sorcerers
  A cyclops (Orc:1)
  An oklob plant (Lair:3)
  A centaur zombie (D:7)
  3 elephants (Lair:5)
  4 black mambas
  Maurice (D:11)
  12 cane toads
  A rime drake (Lair:5)
  7 komodo dragons
  A troll (D:9)
  4 polar bears
  5 hornets (Lair:6)
  4 dream sheep (Lair:5)
  19 blink frogs
  11 spriggans
  A shadow (D:11)
  A redback (Gauntlet)
  2 centaur simulacra (Gauntlet)
  62 yaks
  A basilisk (Lair:6)
  2 wraiths (D:11)
  A wyvern (Lair:6)
  A vampire mosquito (D:7)
  4 nagas (Lair:2)
  9 water moccasins
  2 wargs (Orc:1)
  Duvessa (D:6)
  3 ice beasts
  A swamp drake (D:9)
  A sky beast (D:9)
  24 orc warriors
  A phantom (D:9)
  7 black bears
  3 boggarts (Lair:6)
  8 ogres
  30 wolves
  6 necrophages (Lair:4)
  10 centaurs
  2 big kobolds
  12 bullfrogs
  A gnoll sergeant (D:7)
  A wyvern zombie (D:6)
  Dowan (D:6)
  A cane toad simulacrum (Gauntlet)
  A water moccasin zombie (D:7)
  A wyvern skeleton (D:10)
  4 scorpions
  18 killer bees
  12 wights
  4 electric eels
  4 howler monkeys
  A bullfrog zombie (D:7)
  2 jellies
  A quasit (D:6)
  14 orc wizards
  2 hounds
  15 orc priests
  2 centaur skeletons
  3 bullfrog skeletons
  4 iguanas
  11 worker ants
  A killer bee zombie (D:6)
  2 bullfrog simulacra (Gauntlet)
  A hound zombie (D:7)
  3 worker ant zombies
  2 howler monkey zombies
  3 gnolls (D:8)
  8 adders
  2 shadow imps
  2 white imps
  2 ufetubi
  A worm (D:4)
  12 dart slugs
  7 leopard geckos
  99 orcs
  4 bats
  2 giant cockroaches
  16 goblins
  4 hobgoblins
  20 jackals
  10 quokkas
  3 ball pythons
  8 frilled lizards
  11 kobolds
  A leopard gecko skeleton (D:8)
  A quokka zombie (D:5)
  11 rats
  A plant (Lair:5)
632 creatures vanquished.

Vanquished Creatures (collateral kills)
  A minotaur (Gauntlet)
  A death yak (Gauntlet)
  A necromancer (Gauntlet)
  A hornet (Lair:6)
  A spriggan (Lair:6)
  An orc priest (D:10)
  8 orcs (D:10)
14 creatures vanquished.

Vanquished Creatures (others)
  An orc warrior (D:9)
  An orc wizard (D:9)
  2 orcs
  4 demonic plants (Gauntlet)
  27 fungi
  53 plants
88 creatures vanquished.

Grand Total: 734 creatures vanquished

Notes
Turn   | Place    | Note
-------+----------+-------------------------------------------
     0 | D:1      | tobikenobi the Minotaur Berserker began the quest for the
                  | Orb.
     0 | D:1      | Reached XP level 1. HP: 19/19 MP: 0/0
   162 | D:1      | Reached skill level 4 in Axes
   351 | D:1      | Reached XP level 2. HP: 27/27 MP: 1/1
   676 | D:1      | Reached XP level 3. HP: 31/33 MP: 2/2
   746 | D:1      | Reached ** piety under Trog
  1023 | D:2      | Found a basalt altar of Yredelemnul.
  1545 | D:2      | Found a broken altar of Ashenzari.
  1784 | D:2      | Reached XP level 4. HP: 39/40 MP: 3/3
  1821 | D:2      | Reached skill level 5 in Axes
  2574 | D:3      | Found a white marble altar of Elyvilon.
  2663 | D:3      | Reached XP level 5. HP: 47/47 MP: 4/4
  2667 | D:3      | Reached *** piety under Trog
  2788 | D:3      | Noticed a moth of wrath
  2792 | D:3      | Found a bloodstained altar of Trog.
  3304 | D:4      | Reached skill level 6 in Axes
  3480 | D:4      | Found a staircase to the Ecumenical Temple.
  3603 | D:4      | Noticed an ogre
  3610 | D:4      | Killed an ogre
  3611 | D:4      | Reached skill level 5 in Fighting
  3611 | D:4      | Reached XP level 6. HP: 45/56 MP: 5/5
  3937 | D:4      | Found a glowing golden altar of the Shining One.
  3939 | D:4      | Found a hide-covered altar of Uskayaw.
  3946 | D:4      | Got a blackened ring mail
  3957 | D:4      | Identified the +3 ring mail of Dyspraxia {Will+ Int+2} (You
                  | found it on level 4 of the Dungeon)
  4208 | D:5      | Entered Level 5 of the Dungeon
  4214 | D:5      | Reached skill level 7 in Axes
  4224 | D:5      | Found a snail-covered altar of Cheibriados.
  4235 | D:5      | Found a sparkling altar of Nemelex Xobeh.
  4446 | D:5      | Found an ornate altar of the Wu Jian Council.
  4577 | D:5      | Reached skill level 5 in Armour
  4577 | D:5      | Reached XP level 7. HP: 62/62 MP: 6/6
  4872 | D:5      | Reached skill level 8 in Axes
  5424 | D:6      | Found a burning altar of Makhleb.
  5424 | D:6      | Noticed Dowan
  5424 | D:6      | Noticed Duvessa
  5440 | D:6      | Killed Duvessa
  5441 | D:6      | Reached XP level 8. HP: 49/71 MP: 7/7
  5442 | D:6      | Killed Dowan
  5443 | D:6      | Reached skill level 9 in Axes
  5990 | D:6      | Reached **** piety under Trog
  6605 | D:7      | Found a shimmering altar of Xom.
  6679 | D:7      | Reached skill level 10 in Axes
  6756 | D:7      | Found a sacrificial altar of Ru.
  6757 | D:7      | Found a transporter.
  6796 | D:7      | Reached XP level 9. HP: 79/81 MP: 8/8
  6797 | D:7      | Noticed H0rd4k's ghost (novice OpTm)
  6797 | D:7      | Noticed an ice statue
  6804 | D:7      | Found a transporter.
  6870 | D:7      | Reached skill level 11 in Axes
  6908 | D:7      | Killed H0rd4k's ghost
  7624 | D:8      | Reached skill level 12 in Axes
  7878 | D:8      | Found a blossoming altar of Fedhas.
  8036 | D:8      | Reached XP level 10. HP: 88/91 MP: 9/9
  8236 | D:8      | Found Cumyqo Illo's Hallowed Reliquary.
  8236 | D:8      | Found a white marble altar of Elyvilon.
  8236 | D:8      | Noticed an angel
  8439 | D:8      | Found a stormy altar of Qazlal.
  8451 | D:8      | Reached ***** piety under Trog
  8650 | D:8      | Found Waack's Weapon Boutique.
  9044 | D:9      | Reached skill level 13 in Axes
  9742 | D:9      | Found a shimmering blue altar of Sif Muna.
  9771 | D:9      | Found an opulent altar of Gozag.
  9805 | D:9      | Reached skill level 10 in Fighting
  9840 | D:9      | Reached skill level 10 in Armour
 10231 | D:9      | Found a roughly hewn altar of Beogh.
 10384 | D:9      | Found a staircase to the Orcish Mines.
 10400 | D:9      | Received a gift from Trog
 10801 | D:10     | Entered Level 10 of the Dungeon
 10818 | D:10     | Reached skill level 14 in Axes
 11023 | D:10     | Found a sparkling altar of Nemelex Xobeh.
 11535 | D:10     | Reached XP level 11. HP: 101/101 MP: 10/10
 11813 | D:10     | Found Razoc's Distillery.
 12087 | D:11     | Noticed Maurice
 12096 | D:11     | Noticed a two-headed ogre
 12106 | D:11     | Killed a two-headed ogre
 12111 | D:11     | Killed Maurice
 12459 | D:11     | Found a staircase to the Lair.
 12716 | D:11     | Reached skill level 15 in Axes
 12977 | D:11     | Received a gift from Trog
 13688 | D:11     | Got a fading hand axe
 13689 | D:11     | Identified the +7 hand axe of Solourae {vamp, Dex+4 Stlth+}
                  | (You found it on level 11 of the Dungeon)
 13986 | Lair:1   | Entered Level 1 of the Lair of Beasts
 14642 | Lair:1   | Identified a scroll of acquirement
 14643 | Lair:1   | Acquired the +8 frozen axe "Frostbite" {freezing cloud,
                  | *Noise +Fly rC+}
 14644 | Lair:1   | Found the +8 frozen axe "Frostbite" {freezing cloud, *Noise
                  | +Fly rC+}
 14735 | Lair:1   | You fall into a shaft and drop 1 floor!
 15501 | Lair:2   | Reached skill level 16 in Axes
 15501 | Lair:2   | Reached XP level 12. HP: 112/112 MP: 11/11
 15701 | Lair:2   | Found a staircase to the Snake Pit.
 16466 | Lair:3   | Found a staircase to the Shoals.
 16687 | Lair:3   | Found a broken altar of Ashenzari.
 16863 | Lair:3   | Reached skill level 17 in Axes
 17342 | Lair:3   | Received a gift from Trog
 18506 | Lair:4   | Found a gate leading to a gauntlet.
 18542 | Gauntlet | Entered a Gauntlet
 18542 | Gauntlet | Found a transporter.
 18542 | Gauntlet | Found a transporter.
 18546 | Gauntlet | Found a transporter.
 18546 | Gauntlet | Found a transporter.
 18575 | Gauntlet | Found a transporter.
 18581 | Gauntlet | Noticed a death ooze
 18600 | Gauntlet | Got a brightly glowing silver ring
 18602 | Gauntlet | Identified the ring of the Moon {rC+ rCorr} (You found it
                  | in a Gauntlet)
 18631 | Gauntlet | Found a transporter.
 18633 | Gauntlet | Noticed a death yak
 18633 | Gauntlet | Noticed a death yak
 18635 | Gauntlet | Noticed a death yak
 18637 | Gauntlet | Noticed a death yak
 18661 | Gauntlet | Found a transporter.
 18669 | Gauntlet | Killed a death yak
 18670 | Gauntlet | Reached XP level 13. HP: 104/122 MP: 12/12
 18937 | Gauntlet | Got a glittering lapis lazuli ring
 18939 | Gauntlet | Noticed an entropy weaver
 18967 | Gauntlet | Found a transporter.
 18969 | Gauntlet | Found a transporter.
 18977 | Gauntlet | Found a transporter.
 18987 | Gauntlet | Killed an entropy weaver
 19143 | Gauntlet | Found a transporter.
 19150 | Gauntlet | Got a pair of steaming gloves
 19161 | Gauntlet | Identified the cursed -1 pair of gloves of the Arcane
                  | {Dex+3} (You found it in a Gauntlet)
 19215 | Gauntlet | Noticed a minotaur
 19223 | Gauntlet | Killed a minotaur
 19224 | Gauntlet | Reached skill level 18 in Axes
 19456 | Lair:4   | Found a runed translucent door.
 19457 | Lair:4   | Noticed mahan's ghost (journeyman MiBe)
 19468 | Lair:4   | Killed mahan's ghost
 20086 | Lair:5   | Noticed Urug
 20096 | Lair:5   | Killed Urug
 20203 | Lair:5   | Got a brightly glowing cloak
 20214 | Lair:5   | Identified the +0 cloak "Qanapoq" {Dex+3} (You found it on
                  | level 5 of the Lair of Beasts)
 20232 | Lair:5   | Got a dazzling falchion
 20233 | Lair:5   | Identified the +4 falchion "Sarcophage" {flame, Will++}
                  | (You found it on level 5 of the Lair of Beasts)
 20273 | Lair:5   | Found a staircase to the Slime Pits.
 20274 | Lair:5   | Found a viscous altar of Jiyva.
 20889 | Lair:6   | Entered Level 6 of the Lair of Beasts
 21727 | Lair:6   | Reached skill level 19 in Axes
 22175 | Lair:6   | Received a gift from Trog
 22180 | Lair:6   | Reached XP level 14. HP: 90/133 MP: 13/13
 22425 | Lair:6   | Identified the ring of Learuuxt {+Fly Dex+3} (You found it
                  | in a Gauntlet)
 22457 | Lair:6   | Acquired the ring of the Gloaming {*Contam Str+4 Int+8
                  | Dex+2 SInv}
 23065 | Slime:1  | Entered Level 1 of the Pits of Slime
 23065 | Slime:1  | Noticed an acid blob
 23395 | Orc:1    | Entered Level 1 of the Orcish Mines
 23580 | Orc:1    | Noticed barkas's ghost (journeyman CeMo)
 23581 | Orc:1    | Found a runed translucent gate.
 23582 | Orc:1    | Found a runed translucent gate.
 23582 | Orc:1    | Found a runed translucent gate.
 24460 | Orc:1    | Killed barkas's ghost
 24461 | Orc:1    | Reached skill level 15 in Fighting
 24552 | Orc:2    | Entered Level 2 of the Orcish Mines
 24552 | Orc:2    | Noticed Sonja
 24675 | Orc:2    | Noticed an orc warlord
 24755 | Orc:1    | Killed an orc warlord
 25031 | Orc:2    | Killed Sonja
 25032 | Orc:2    | Reached skill level 20 in Axes
 25298 | Orc:2    | Found a runed translucent door.
 25320 | Orc:2    | Found a runed translucent door.
 25329 | Orc:2    | Lost intelligence.
 25334 | Orc:2    | HP: 5/135 [orc warrior/+0 trident[an orange crystal statue]
                  | (22)]
 25335 | Orc:2    | Noticed an orc warlord
 25336 | Orc:2    | Mangled by an orc warrior

Illustrated notes

Levels and vault maps discovered:
D:1:      noname_arrival_rooms_in_the_neighbourhood, layout_basic
D:2:      layout_loops_ring, ashenzari_altar_1, lemuel_doored_altar
D:3:      layout_loops_cross, marbit_many_paths, tgw_trog
D:4:      layout_rooms, grunt_temple_overflow_open, minmay_temple_entry_hall
D:5:      minmay_razor_zed, layout_basic, lemuel_crystal_altar,
          nemelex_xobeh_ov_fountains_minmay, nicolae_overflow_crystal_walls
D:6:      layout_basic, bloody_makhleb, uniq_duvessa
D:7:      kennysheep_slugbush, layout_basic, xom_teletrap_fun,
          overflow_temple_1_default, nzn_ghost_randoct
D:8:      layout_cave_pods, lemuel_coloured_pillars_altar,
          nicolae_qazlal_style_of_elements, serial_shops, shop,
          nicolae_good_shop
D:9:      layout_rooms, lemuel_blue_sif_altar, lemuel_crystal_altar, erik_orc_1,
          special_room [special_room_orc]
D:10:     layout_basic, serial_shops, shop, basic_altar, special_room
          [special_room_orc]
D:11:     layout_basic, grunt_lair_entry_orc_guard_hut, enter_bailey_2,
          uniq_maurice
Lair:1:   layout_small_grid
Lair:2:   layout_roguey, minmay_snake_entry_guardpost_medium
Lair:3:   layout_small_grid, elwin_shoals_entry_rocks, basic_altar, st_stairs_6,
          serial_bayou_shore_a, minmay_lair_oklob_chamber, lemuel_fruit_tree,
          serial_bayou_shore_b
Lair:4:   layout_hall_layers, ebering_ghost_reflecting_pool,
          gauntlet_entry_generic, roderic_carrion_pond
Lair:5:   layout_regular_city, slime_altar_1, serial_bayou_shore_b, uniq_urug
Lair:6:   minmay_lair_end_enchanted_forest, layout_big_grid,
          infiniplex_staircase_pool_2, lemuel_fruit_fields
Slime:1:  layout_caves
Orc:1:    layout_diamond_mine, gammafunk_ghost_split
Orc:2:    st_orc_town, layout_caves, hangedman_feature_mirror,
          chequers_guarded_unrand_ignorance, uniq_sonja

Skill      XL: |  1  2  3  4  5  6  7  8  9 10 11 12 13 14 |
---------------+-------------------------------------------+-----
Axes           | 4 5 6 7 8 10 12 14 16 17 19 20 | 20.0
Fighting       | 4 5 6 8 9 10 12 13 14 15 | 15.1
Armour         | 3 4 5 6 7 9 10 11 13 14 | 14.9
Dodging        | |  2.1

Action                   |  1- 3 |  4- 6 |  7- 9 | 10-12 | 13-15 || total
-------------------------+-------+-------+-------+-------+-------++-------
Melee: Hand axe          |    78 |   138 |   326 |   110 |       ||   652
       Headbutt          |     7 |    21 |    70 |   107 |    75 ||   280
       War axe           |       |       |       |   337 |       ||   337
       Executioner's axe |       |       |       |   140 |   294 ||   434
Invok: Trog's Hand       |       |     2 |     4 |     3 |     7 ||    16
       Berserk           |       |     2 |     1 |     3 |     3 ||     9
       Brothers in Arms  |       |       |       |     2 |     3 ||     5
  Use: Scroll            |       |       |       |    15 |     9 ||    24
 Stab: Distracted        |       |       |       |       |     1 ||     1
Armor: Animal skin       |    18 |    16 |       |       |       ||    34
       Ring mail         |       |     3 |   161 |   220 |     4 ||   388
       Chain mail        |       |       |       |       |   188 ||   188
Dodge: Dodged            |    44 |    79 |   159 |   290 |   146 ||   718
Block: Other             |       |       |       |    38 |    85 ||   123
       Reflection        |       |       |       |       |     1 ||     1
